 Dungeon Crawl Stone Soup version 0.31-a0-819-gf6de2f5ab6 (webtiles) character file.

Game seed: 9278248133789022292

86 Danienth the Insei (level 5, 0/42 HPs)
             Began as a Meteoran Shapeshifter on Sept 25, 2023.
             Was an Initiate of Okawaru.
             Slain by a scorpion (5 damage)
             ... on level 3 of the Dungeon.
             The game lasted 00:09:36 (971 turns).

Danienth the Insei (Meteoran Shapeshifter)           Turns: 971, Time: 00:09:37

Health: 0/42       AC:  2    Str: 15    XL:     5   Next: 6%
Magic:  6/6        EV: 12    Int: 17    God:    Okawaru [......]
Gold:   125        SH:  0    Dex: 16    Spells: 1/4 levels left

rFire   . .          .
                       - Unarmed
rCold   . . .        (no shield)
rNeg    . . .        a - +0 animal skin
rPois   .            (helmet currently unavailable)
rElec   .            (cloak currently unavailable)
rCorr   .            (gloves currently unavailable)
SInv    .            (boots currently unavailable)
Will    +....        (no amulet)
Stlth   +            i - +6 ring of intelligence
HPRegen 0.27/turn    (no ring)
MPRegen 0.10/turn

%: no passive effects
@: lethally poisoned (0 -> -8), beast-form, hasted, glowing, very quick
A: beast (slay +2), sense surroundings 1, otherworldly, glowing, explore regen,
strong-willed 1, MP-powered wands
a: Begin Untransformation, Renounce Religion


You were on level 3 of the Dungeon.
You worshipped Okawaru.
Okawaru was noncommittal.
You were a hulking beast.
You visited 1 branch of the dungeon, and saw 3 of its levels.

You collected 125 gold pieces.

Inventory:

Hand Weapons
 f - a +3 sling
Armour
 a - a +0 animal skin (worn)
 e - a +0 pair of boots
Jewellery
 i - a +6 ring of intelligence (left hand)
Talismans
 c - a beast talisman (active)
 d - a flux talisman
Wands
 l - a wand of digging (1)
Scrolls
 b - a scroll of vulnerability
 g - 2 scrolls of blinking
Potions
 j - a potion of degeneration
 k - a potion of heal wounds {unknown}


   Skills:
 - Level 2.4 Fighting
 * Level 1.4 Ranged Weapons
 - Level 2.1 Dodging
 * Level 4.6 Unarmed Combat
 - Level 4.3 Shapeshifting


You had one spell level left.
You knew the following spells:

 Your Spells              Type           Power      Damage    Failure   Level
a - Inner Flame           Hex/Fire       0%         N/A       56%         3

Your spell library contained the following spells:

 Spells                   Type           Power      Damage    Failure   Level
 Flame Wave               Conj/Fire      0%         2d4       93%         4
 Sticky Flame             Conj/Fire      0%         2d3       93%         4


Dungeon Overview and Level Annotations

Branches:
Dungeon (3/15) Zot: 801

Altars:
Hepliaklqana
Okawaru

Shops:
D:1 [   D:2 =


Innate Abilities, Weirdness & Mutations

You are a hulking beast.
Your limbs bulge with bestial killing power. (Slay +2)
You passively map a small area around you.
You are easily found by Zot.
You glow in the dark.
You regain HP and MP as you explore.
You are strong-willed. (Will+)
You expend magic power (3 MP) to strengthen your wands.


Message History

The scorpion is lightly wounded.
You feel very sick. The scorpion closely misses you. x2
You are now empty-handed.
You feel sick. The scorpion stings you.
You hit the scorpion.
The scorpion is moderately wounded.
You feel sick. The scorpion stings you.
You are more poisoned.
The scorpion poisons you!
You closely miss the scorpion.
The scorpion is moderately wounded.
You feel very sick. The scorpion closely misses you.
You are too injured to fight recklessly!
Attack: -) Nothing wielded
Press: ? - help, Dir - move target, f/p - scorpion
Aim: a scorpion (moderately wounded, about 30% to evade your hands)
You barely miss the scorpion.
The scorpion is moderately wounded.
You feel very sick. The scorpion stings you.
* * * LOW HITPOINT WARNING * * *
Unknown command.
Attack: -) Nothing wielded
Press: ? - help, Dir - move target, f/p - scorpion
Aim: a scorpion (moderately wounded, about 31% to evade your hands)
Okay, then.
Okay, then.
Attack: -) Nothing wielded
Press: ? - help, Dir - move target, f/p - scorpion
Aim: a scorpion (moderately wounded, about 31% to evade your hands)
You hit the scorpion.
The scorpion is moderately wounded.
* * * LOW HITPOINT WARNING * * *
You feel very sick. The scorpion barely misses you.
It was a potion of haste.
You feel yourself speed up.
* * * LOW HITPOINT WARNING * * *
You feel sick. The scorpion stings you.
You die...

, , , , ,#+ ,
, , , ,#.# * ,
###+#.## .
*#......# , *,
.##......#####
...........h.#
,,
,*#.......##s#
, , ,
+.......# .# ,
,,
##.......#*.#
* *
+...(....#*.#
######.#.#*.#
*, , #.#.# .#
, #.#.# .$ , *
#.#.# * *


You could see a scorpion.

Vanquished Creatures
  A hound (D:2)
  An adder (D:2)
  A worm (D:2)
  A dart slug (D:1)
  2 endoplasms
  3 giant cockroaches
  7 goblins
  4 hobgoblins
  A quokka (D:2)
  4 ball pythons (D:1)
  6 bats
  5 frilled lizards
  2 kobolds
  8 rats
46 creatures vanquished.

Notes
Turn   | Place    | Note
-------+----------+-------------------------------------------
     0 | D:1      | Danienth the Meteoran Shapeshifter began the quest for the
                  | Orb.
     0 | D:1      | Reached XP level 1. HP: 16/16 MP: 2/2
    62 | D:1      | Reached XP level 2. HP: 19/23 MP: 3/3
   238 | D:1      | Reached XP level 3. HP: 29/29 MP: 4/4
   291 | D:1      | Found Pymyrch's Antique Armour Shop.
   602 | D:2      | Gained mutation: You are strong-willed. (Will+) [potion of
                  | mutation]
   602 | D:2      | Gained mutation: You expend magic power (3 MP) to
                  | strengthen your wands. [potion of mutation]
   608 | D:2      | Found Haim's Jewellery Emporium.
   641 | D:2      | Found an iron altar of Okawaru.
   649 | D:2      | Became a worshipper of Warmaster Okawaru
   745 | D:2      | Reached XP level 4. HP: 12/36 MP: 5/5
   788 | D:2      | Found a hazy altar of Hepliaklqana.
   795 | D:2      | Reached skill level 1 in Ranged Weapons
   805 | D:2      | Reached XP level 5. HP: 19/42 MP: 6/6
   881 | D:2      | Learned a level 3 spell: Inner Flame
   971 | D:3      | Slain by a scorpion

Illustrated notes

Levels and vault maps discovered:
D:1:      ldierk_walled_garden_2, layout_rooms, serial_shops,
          nicolae_shop_dealshenge
D:2:      kennysheep_big_flooded_room, layout_loops_ring, serial_shops, shop,
          basic_altar, minmay_hexomino_r4
D:3:      layout_basic

Skill      XL: |  1  2  3  4 |
---------------+-------------+-----
Unarmed Combat | 4 |  4.6
Shapeshifting  | 4 |  4.3
Fighting       | 2 |  2.4
Ranged Weapons | 1 |  1.4
Dodging        | |  2.1

Action                     |  1- 3 |  4- 6 || total
---------------------------+-------+-------++-------
  Melee: Unarmed           |    20 |     4 ||    24
   Fire: Sling             |    61 |    27 ||    88
    Use: Scroll            |     5 |       ||     5
         Potion            |     2 |     1 ||     3
 Armour: Animal skin       |    21 |    11 ||    32
  Dodge: Dodged            |    27 |    16 ||    43

Table legend: (Time is in decaauts)
 A = Elapsed time spent in this place.
 B = Non-inter-level travel time spent in this place.
 C = Inter-level travel time spent in this place.
 D = Time resting spent in this place.
 E = Time spent auto-exploring this place.
 F = Levels seen in this place.
 G = Mean time per level.
                   A        B        C        D        E       F      G
               +--------+--------+--------+--------+--------+-----+--------+
         Total |    997 |    925 |     72 |     34 |    634 |   3 |  332.3 |
       Dungeon |    997 |    925 |     72 |     34 |    634 |   3 |  332.3 |
               +--------+--------+--------+--------+--------+-----+--------+

Top non-repeatable levels by time:
     D:2: 499 daAuts
     D:1: 484 daAuts
     D:3: 13 daAuts
